 Dungeon Crawl Stone Soup version 0.20.1-1-g8b1a95d (webtiles) character file.

8368 straycat the Nimble (level 11, -1/67 HPs)
             Began as a Vampire Wanderer on Sept 7, 2017.
             Was a Believer of Hepliaklqana.
             Killed from afar by a rakshasa (25 damage)
             ... with an orb of energy
             ... on level 2 of the Abyss.
             The game lasted 01:02:24 (10517 turns).

straycat the Nimble (Vampire Wanderer)             Turns: 10517, Time: 01:02:25

Health: -1/67      AC: 14    Str: 10    XL:     11   Next: 9%
Magic:  16/16      EV: 18    Int: 21    God:    Hepliaklqana [**....]
Gold:   370        SH:  6    Dex: 18    Spells: 14/17 levels left

rFire    . . .     SeeInvis +   P - +1 war axe (freeze)
rCold    + . .     Gourm    .   y - +0 buckler
rNeg     . . .     Faith    .   L - +1 ring mail {rC+}
rPois    .         Spirit   .   (no helmet)
rElec    .         Reflect  .   c - +2 cloak
rCorr    .         Harm     .   t - +1 pair of gloves
MR       ++...                  w - +0 pair of boots
Stlth    ++........             (no amulet)
Regen    0.5/turn               n - +6 ring of intelligence
MPRegen  0.2/turn               x - ring of protection from magic

@: regenerating quickly
A: reduced essence, fangs 3, see invisible, unbreathing
a: Recall Ancestor, Ancestor Identity, Renounce Religion


You were on level 2 of the Abyss.
You worshipped Hepliaklqana.
Hepliaklqana was pleased with you.
You were full.

You visited 3 branches of the dungeon, and saw 11 of its levels.
You visited the Abyss 1 time.

You collected 440 gold pieces.
You spent 70 gold pieces at shops.

Inventory:

Hand Weapons
 a - a +4 hand crossbow
 i - a +0 trident
 p - a +0 scythe
 v - a +4 quarterstaff of chaos
 z - a +0 arbalest
 A - a +3 scimitar of flaming
 E - the +4 Vampire's Tooth {vamp}
   (You found it on level 4 of the Dungeon)

   It inflicts no extra harm, but heals its wielder when it wounds a living foe.
 J - a +0 hunting sling
 O - a +2 vampiric long sword
 P - a +1 war axe of freezing (weapon)
Missiles
 b - 37 bolts
 j - 158 arrows
 l - 41 poisoned needles
 m - 114 sling bullets
 F - 6 tomahawks (quivered)
Armour
 c - a +2 cloak (worn)
 q - a +1 robe of fire resistance
 t - a +1 pair of gloves (worn)
 w - a +0 pair of boots (worn)
 y - a +0 buckler (worn)
 L - a +1 ring mail of cold resistance (worn)
Jewellery
 k - an uncursed ring of magical power
 n - a +6 ring of intelligence (left hand)
 x - a ring of protection from magic (right hand)
 G - an uncursed ring of positive energy
 I - a +5 ring of intelligence
Wands
 d - a wand of paralysis (16/24)
Scrolls
 h - a scroll of fog
 o - 4 scrolls of teleportation
 r - 3 scrolls of amnesia
 s - 6 scrolls of remove curse
 B - a scroll of immolation
 N - a scroll of identify
Potions
 f - 4 potions of blood
 g - a potion of haste
 u - a potion of berserk rage {unknown}
 C - a potion of agility
 D - a potion of mutation
 H - a potion of might
 K - a potion of brilliance
 M - a potion of curing {unknown}
Books
 e - a book of Misfortune

   Spells                             Type                      Level
   a - Confusing Touch                Hexes                        1
   b - Confuse                        Hexes                        3
   c - Gell's Gravitas                Translocation                3
   d - Petrify                        Transmutation/Earth          4
   e - Metabolic Englaciation         Hexes/Ice                    5
   f - Yara's Violent Unravelling     Hexes/Transmutation          5
 Q - a book of Battle

   Spells                             Type                      Level
   a - Infusion                       Charms                       1
   b - Shroud of Golubria             Charms/Translocation         2
   c - Song of Slaying                Charms                       2
   d - Spectral Weapon                Hexes/Charms                 3
   e - Regeneration                   Charms/Necromancy            3


   Skills:
 - Level 3.6 Fighting
 - Level 1.0 Staves
 - Level 2.4 Crossbows
 - Level 7.0 Armour
 - Level 12.1 Dodging
 - Level 3.0 Stealth
 - Level 8.0 Shields
 * Level 3.8 Spellcasting


You had 14 spell levels left.
You knew the following spells:

 Your Spells              Type           Power        Failure   Level  Hunger
a - Confuse               Hex            #.......     63%         3    ###....


Dungeon Overview and Level Annotations

Branches:
Dungeon (8/15)             Temple (1/1) D:5            Lair (2/6) D:8
  Swamp: Lair:2-4    Shoals: Lair:2-4     Snake: Lair:2-4    Spider: Lair:2-4

Altars:
Ashenzari
Cheibriados
Dithmenos
Elyvilon
Fedhas
Gozag
Hepliaklqana
Kikubaaqudgha
Makhleb
Nemelex Xobeh
Okawaru
Ru
Trog
Uskayaw
Vehumet
Xom
Yredelemnul
The Shining One

Shops:
D:5 !

Annotations:
D:8 Gastronok
Lair:2 Sonja


Innate Abilities, Weirdness & Mutations

Your natural rate of healing is unusually fast.
You have razor-sharp teeth.
You have supernaturally acute eyesight. (SInv)
You can survive without breathing.
Your life essence is reduced to manifest your ancestor. (-10% HP)


Message History

Here: a rakshasa, wielding a whip and wearing a robe (translocational energy)
The floor.
A ynoxinul comes into view.
You swap places.
The rakshasa gestures at you.
The orb of energy hits Seras.
Press: ? - help, v - describe, . - travel
Here: a rakshasa, wielding a whip and wearing a robe The floor.
Unknown command.
Okay, then.
The rakshasa gestures at you.
The orb of energy hits Seras.
Seras is destroyed!
The orb of energy explodes!
The rakshasa gestures at you. The orb of energy hits you!
The rakshasa gestures at you. The orb of energy hits you!
You die...

... # ###.#.# #.
#...#.# #..#.#.#.##
. ..#...#..##..
#...........
#####......#+#
.......@.....# #
####.........#.# #
.#............## #..
.....#........#.....
....3.)...∩.........
.............[... ..
...#...R......... .)
...#.......$........
. ..##........#... .


You could see a rakshasa and a ynoxinul.

Vanquished Creatures
  A komodo dragon (Lair:1)
  A blink frog (Lair:2)
  2 hippogriffs
  Grinder (D:4)
  Sigmund (D:2)
  4 yaks (Lair:1)
  A basilisk (Lair:2)
  Menkaure (D:4)
  A water moccasin (Lair:1)
  2 hell hounds (D:8)
  2 porcupines
  An ice beast (D:6)
  A black bear (D:6)
  3 sky beasts
  5 ogres
  A crocodile (Lair:1)
  4 bullfrogs
  3 wights (D:8)
  2 vampire bats (D:4)
  A bullfrog zombie (D:6)
  4 crimson imps
  A jelly (D:8)
  2 bullfrog skeletons
  An orc priest (D:4)
  3 hounds
  3 orc wizards
  Crazy Yiuf (D:2)
  2 centaur skeletons
  3 iguanas
  A hound skeleton (D:6)
  5 adders
  A shadow imp (D:5)
  2 oozes
  2 worms (D:4)
  2 dart slugs (D:1)
  8 leopard geckos
  18 orcs
  5 giant cockroaches
  5 goblins
  11 hobgoblins
  19 jackals
  5 kobolds (D:1)
  2 quokkas (D:2)
  2 ball pythons
  19 bats
  9 frilled lizards
  A leopard gecko skeleton (D:4)
  A rat (shapeshifter) (D:3)
  9 rats
185 creatures vanquished.

Vanquished Creatures (collateral kills)
  A hydra (Lair:1)
  Erica (D:8)
  Joseph (D:7)
  A spiny frog (Lair:1)
  4 blink frogs
  A hippogriff (D:8)
  A water moccasin (Lair:1)
  A sky beast (D:6)
  2 phantoms
  An ogre (D:7)
  A crocodile (Lair:1)
  2 bullfrogs
  2 crimson imps
  2 hounds
  An iron imp (D:8)
  A worker ant zombie (D:6)
  An adder (D:7)
  An adder skeleton (D:6)
  An orc (D:6)
  A leopard gecko zombie (D:8)
  A fungus (Lair:1)
28 creatures vanquished.

Vanquished Creatures (others)
  A battlemage (Abyss:2)
  4 ancestors
  A worm (D:3)
6 creatures vanquished.

Grand Total: 219 creatures vanquished

Notes
Turn   | Place    | Note
-------+----------+-------------------------------------------
     0 | D:1      | straycat the Vampire Wanderer began the quest for the Orb.
     0 | D:1      | straycat set off with: a +2 hand crossbow, 23 bolts, a +0 ring mail, a potion of lignification, a +0 dagger, a potion of blood
     0 | D:1      | Reached XP level 1. HP: 18/18 MP: 1/1
    21 | D:1      | Reached skill level 1 in Dodging
   231 | D:1      | Reached XP level 2. HP: 24/24 MP: 2/2
   257 | D:1      | Reached skill level 2 in Dodging
   496 | D:1      | Reached XP level 3. HP: 29/29 MP: 3/3
   522 | D:1      | Reached skill level 3 in Dodging
  1368 | D:2      | Noticed Sigmund
  1385 | D:2      | Killed Sigmund
  1385 | D:2      | Reached skill level 6 in Dodging
  1385 | D:2      | Reached XP level 4. HP: 20/36 MP: 4/4
  1385 | D:2      | Reached XP level 5. HP: 23/41 MP: 5/5
  1554 | D:2      | Found a radiant altar of Vehumet.
  1722 | D:2      | Found a runed door.
  1732 | D:2      | Noticed Crazy Yiuf
  1735 | D:2      | Killed Crazy Yiuf
  2183 | D:3      | Found a blossoming altar of Fedhas.
  2190 | D:3      | Reached XP level 6. HP: 47/47 MP: 6/6
  2969 | D:4      | Reached skill level 7 in Dodging
  3313 | D:4      | Reached skill level 8 in Dodging
  3313 | D:4      | Reached XP level 7. HP: 52/52 MP: 7/7
  3359 | D:4      | Noticed Menkaure
  3743 | D:4      | Killed Menkaure
  3743 | D:4      | Reached skill level 9 in Dodging
  3790 | D:4      | Noticed Grinder
  3804 | D:4      | Killed Grinder
  3863 | D:4      | Reached skill level 10 in Dodging
  3863 | D:4      | Reached XP level 8. HP: 28/59 MP: 8/8
  4415 | D:5      | Entered Level 5 of the Dungeon
  4436 | D:5      | Found a shimmering altar of Xom.
  4661 | D:5      | Found Eduicug's Distillery.
  4767 | D:5      | Found a shadowy altar of Dithmenos.
  4837 | D:5      | Found a staircase to the Ecumenical Temple.
  4859 | Temple   | Entered the Ecumenical Temple
  4903 | Temple   | Became a worshipper of Hepliaklqana the Forgotten
  5248 | D:5      | Bought a potion of heal wounds for 70 gold pieces
  5431 | D:6      | Reached skill level 11 in Dodging
  5557 | D:6      | Found a hide-covered altar of Uskayaw.
  5695 | D:6      | Reached skill level 12 in Dodging
  5797 | D:6      | Learned a level 3 spell: Confuse
  5980 | D:6      | Reached skill level 1 in Armour
  5980 | D:6      | Reached XP level 9. HP: 39/57 MP: 9/9
  6466 | D:7      | Found a hide-covered altar of Uskayaw.
  6709 | D:7      | Noticed Joseph
  7157 | D:7      | Killed Joseph
  7157 | D:7      | Reached skill level 5 in Armour
  7333 | D:7      | Found a burning altar of Makhleb.
  7360 | D:7      | Found a basalt altar of Yredelemnul.
  7527 | D:8      | Noticed Erica
  7565 | D:8      | Killed Erica
  7813 | D:8      | Reached skill level 1 in Shields
  7822 | D:8      | Reached XP level 10. HP: 45/63 MP: 10/10
  7876 | D:8      | Found a sparkling altar of Nemelex Xobeh.
  7936 | D:8      | Found a snail-covered altar of Cheibriados.
  7991 | D:8      | Found a staircase to the Lair.
  8000 | D:8      | Noticed Gastronok
  8316 | Lair:1   | Entered Level 1 of the Lair of Beasts
  8318 | Lair:1   | Reached * piety under Hepliaklqana
  8567 | Lair:1   | Reached skill level 5 in Shields
  8791 | Lair:1   | Noticed a five-headed hydra
  8801 | Lair:1   | Killed a one-headed hydra
  9364 | Lair:1   | Noticed a spiny frog
  9377 | Lair:1   | Killed a spiny frog
  9829 | Lair:2   | Noticed Sonja
  9852 | Lair:2   | Reached skill level 1 in Spellcasting
  9880 | Lair:2   | Reached ** piety under Hepliaklqana
 10366 | Lair:1   | Remembered your ancestor Seras as a battlemage
 10376 | Lair:1   | Reached XP level 11. HP: 30/67 MP: 12/15
 10500 | Lair:2   | Cast into level 2 of the Abyss (Sonja)
 10511 | Abyss:2  | Noticed a rakshasa
 10517 | Abyss:2  | Killed from afar by a rakshasa

Skill      XL: |  1  2  3  4  5  6  7  8  9 10 11 |
---------------+----------------------------------+-----
Dodging        | 1 2 6 8 10 12 | 12.1
Armour         | 1 7 |  7.0
Shields        | 1 8 |  8.0
Spellcasting   | 2 3 |  3.8
Fighting       | |  3.6
Staves         | |  1.0
Crossbows      | |  2.4
Stealth        | |  3.0

Action                   |  1- 3 |  4- 6 |  7- 9 | 10-12 || total
-------------------------+-------+-------+-------+-------++-------
Melee: Quarterstaff      |       |    79 |       |       ||    79
       Dagger            |       |    27 |   433 |    89 ||   549
       Bite              |       |     6 |    43 |    18 ||    67
       Long sword        |       |       |    19 |    39 ||    58
       War axe           |       |       |       |    13 ||    13
       Scimitar          |       |       |       |     6 ||     6
 Fire: Hand crossbow     |    83 |    14 |    57 |    84 ||   238
Throw: Tomahawk          |       |       |     5 |       ||     5
Invok: Ancestor Identity |       |       |     1 |       ||     1
       Recall Ancestor   |       |       |       |     3 ||     3
       Ancestor Life: Ba |       |       |       |     1 ||     1
 Abil: Bat Form          |       |       |     1 |     1 ||     2
       End Transformatio |       |       |     1 |       ||     1
Evoke: Wand              |       |       |     1 |     3 ||     4
  Use: Scroll            |       |       |    20 |       ||    20
       Potion            |       |       |    25 |    11 ||    36
 Stab: Sleeping          |       |     9 |     1 |     1 ||    11
       Confused          |       |     1 |       |       ||     1
       Distracted        |       |       |     4 |     3 ||     7
       Invisible         |       |       |     3 |       ||     3
  Eat: Corpse            |       |     4 |     3 |       ||     7
Armor: Ring mail         |    14 |       |    43 |    83 ||   140
       Robe              |       |    34 |    26 |       ||    60
       Leather armour    |       |       |    24 |       ||    24
Dodge: Dodged            |    24 |    95 |   412 |   222 ||   753
Block: Buckler           |       |       |    27 |    85 ||   112
       Rpst.: Long sword |       |       |     5 |    10 ||    15
       Scimitar          |       |       |       |     1 ||     1
